 Dungeon Crawl Stone Soup version 0.30-a0-1074-g5db6f66fbb (webtiles) character file.

Game seed: 1615896291260494792

76 fiver49 the Cudgeller (level 4, 0/38 HPs)
             Began as a Meteoran Cinder Acolyte on Apr 14, 2023.
             Was a High Priest of Ignis.
             Succumbed to an adder's poison
             ... on level 3 of the Dungeon.
             The game lasted 00:04:14 (695 turns).

fiver49 the Cudgeller (Meteoran Cinder Acolyte)      Turns: 695, Time: 00:04:15

Health: 0/38       AC: 10    Str: 17    XL:     4   Next: 87%
Magic:  7/7        EV: 11    Int: 16    God:    Ignis [*****.]
Gold:   50         SH:  0    Dex:  9    Spells: 5/5 levels left

rFire   + . .      SeeInvis .    a - -1 mace (flame)
rCold   . . .      Faith    .    (no shield)
rNeg    . . .      Spirit   .    b - +0 robe
rPois   .          Reflect  .    d - +0 helmet
rElec   .          Rampage  .    (no cloak)
rCorr   .                        (no gloves)
Will    .....                    (no boots)
Stlth   +                        (no amulet)
HPRegen 0.26/turn                (no ring)
MPRegen 0.10/turn                (no ring)

@: lethally poisoned (0 -> -5), fiery-armoured, glowing
A: sense surroundings 1, otherworldly, glowing, explore regen
a: Renounce Religion, Fiery Armour, Foxfire Swarm, Rising Flame


You were on level 3 of the Dungeon.
You worshipped Ignis.
Ignis was extremely pleased with you.
You visited 1 branch of the dungeon, and saw 3 of its levels.

You collected 50 gold pieces.

Inventory:

Hand Weapons
 a - a -1 mace of flaming (weapon)
Armour
 b - a +0 robe (worn)
 d - a +0 helmet (worn)
   (You found it on level 2 of the Dungeon)
Jewellery
 e - a ring of fire
   (You found it on level 2 of the Dungeon)
Scrolls
 c - 2 scrolls of identify
 f - a scroll of fog


   Skills:
 - Level 3.2 Fighting
 + Level 6.6 Maces & Flails
 - Level 1.3 Spellcasting
 - Level 3.6 Fire Magic


You had 5 spell levels left.
You didn't know any spells.
Your spell library contained the following spells:

 Spells                   Type           Power      Damage    Failure   Level
 Scorch                   Fire           24%        2d6       8%          2


Dungeon Overview and Level Annotations

Branches:
Dungeon (3/15) Zot: 1088

Altars:


Innate Abilities, Weirdness & Mutations

You passively map a small area around you.
You are easily found by Zot.
You glow in the dark.
You regain HP and MP as you explore.


Message History

The endoplasm misses you.
You sock the endoplasm! You burn the endoplasm.
You kill the endoplasm!
No target in view!
There is a stone staircase leading down here.
You climb downwards.
Found a sling.
There is a stone staircase leading up here.
Found a scroll labelled JOKUHENACA.
f - a scroll labelled JOKUHENACA You open the door.
There is an open door here.
There is an open door here.
c - 3 scrolls labelled KONO ZIRRE (gained 1)
You now have 50 gold pieces (gained 10).
An adder comes into view.
The adder hisses angrily.
A giant cockroach comes into view.
A rat comes into view.
You closely miss the adder. The adder bites you.
You are poisoned.
The adder poisons you! The adder bites you but does no damage.
You hit the adder. You burn the adder.
The adder is almost dead.
You feel sick. The adder bites you but does no damage.
The adder attacks as you move away! The adder barely misses you.
You feel sick.
You feel sick. The adder bites you but does no damage.
You feel sick.
You feel sick.
You feel sick. The adder barely misses you.
You sock the adder! You burn the adder.
You kill the adder!
You feel sick.
You are no longer poisoned.
The giant cockroach closely misses you.
You closely miss the giant cockroach.
The giant cockroach bites you but does no damage.
You barely miss the giant cockroach.
The giant cockroach bites you but does no damage.
You hit the giant cockroach. You burn the giant cockroach.
You kill the giant cockroach!
You closely miss the rat. The rat closely misses you.
You sock the rat! You burn the rat.
You kill the rat!
No target in view!
Found an escape hatch in the ceiling.
There is an escape hatch in the ceiling here.
As you open the door, it creaks loudly!
Found a pair of gloves and a chain mail.
There is an open door here.
An adder comes into view.
You see here a +0 pair of gloves.
An orc comes into view. It is wielding a +0 falchion.
The orc shouts!
The adder hisses angrily.
The orc closely misses you.
Okay, then.
The orc attacks as you move away! The orc hits you but does no damage.
You hit the orc. You burn the orc.
You kill the orc!
You miss the adder. The adder bites you. x2
You completely miss the adder. The adder bites you.
You completely miss the adder. The adder bites you.
You are poisoned.
The adder poisons you!
You miss the adder.
You feel sick. The adder bites you. x2
You are more poisoned.
The adder poisons you!
You miss the adder.
You feel sick. The adder bites you but does no damage.
You hit the adder but do no damage.
You feel sick. The adder bites you. The adder closely misses you.
You miss the adder.
You feel sick. The adder bites you.
You hit the adder. You burn the adder.
The adder is heavily wounded.
You feel sick. The adder bites you.
You are more poisoned.
The adder poisons you! The adder bites you.
* * * LOW HITPOINT WARNING * * *
You are lethally poisoned!
The adder poisons you!
A protective cloak of flame settles atop you.
* * * LOW HITPOINT WARNING * * *
You feel very sick. The adder bites you.
* * * LOW HITPOINT WARNING * * *
The adder is burned by your cloak of flames.
The adder is almost dead.
You hit the adder. You burn the adder.
You kill the adder!
* * * LOW HITPOINT WARNING * * *
You feel sick.
You aren't carrying any potions.
As you read the scroll labelled KONO ZIRRE, it crumbles to dust.
It is a scroll of identify.
f - a scroll of fog
* * * LOW HITPOINT WARNING * * *
You feel sick.
* * * LOW HITPOINT WARNING * * *
You feel sick.
Things that are here:
a +0 falchion; an orc corpse You die...

....... +...+..# ,
####### #...##.#
..# #...##.# , #.#
#...##.#
#.##########...##.#
#..<............#.#
*
#.############.##.#
### ###'##)# *
#....@.# * #......#
,*, , ***#[[....#
*, , ###....#* .r#
*............#
#...# .#.#####.#..#
* * ..*.. *,
,.....# * , #.#, ,
*##....# ## ,,
.....# , , *


There were no monsters in sight!

Vanquished Creatures
  4 adders
  2 worms (D:2)
  A dart slug (D:2)
  An orc (D:3)
  2 endoplasms (D:2)
  2 giant cockroaches
  3 goblins
  A hobgoblin (D:1)
  3 jackals (D:1)
  2 quokkas
  3 ball pythons
  A bat (D:1)
  6 frilled lizards
  3 rats
34 creatures vanquished.

Notes
Turn   | Place    | Note
-------+----------+-------------------------------------------
     0 | D:1      | fiver49 the Meteoran Cinder Acolyte began the quest for the
                  | Orb.
     0 | D:1      | Reached XP level 1. HP: 19/19 MP: 3/3
    30 | D:1      | Found a faded altar of an unknown god.
    80 | D:1      | Reached XP level 2. HP: 14/26 MP: 5/5
   205 | D:1      | HP: 5/26 [jackal (2)]
   210 | D:1      | Reached skill level 5 in Maces & Flails
   270 | D:2      | Reached XP level 3. HP: 31/31 MP: 6/6
   409 | D:2      | Reached skill level 6 in Maces & Flails
   409 | D:2      | Reached XP level 4. HP: 27/38 MP: 7/7
   691 | D:3      | HP: 7/38 [poisoned by an adder]
   693 | D:3      | HP: 2/38 [poisoned by an adder]
   695 | D:3      | Succumbed to an adder's poison

Illustrated notes

Levels and vault maps discovered:
D:1:      shiori_shiawase, layout_loops_ring, chequers_ecumenical_altar_island,
          nrook_campfire
D:2:      layout_rooms, kennysheep_minor_cross, kennysheep_crisscross
D:3:      minmay_spotlight, layout_basic

Skill      XL: |  1  2  3 |
---------------+----------+-----
Maces & Flails | 5 6 |  6.6
Fighting       | |  3.2
Spellcasting   | |  1.3
Fire Magic     | |  3.6

Action                     |  1- 3 |  4- 6 || total
---------------------------+-------+-------++-------
  Melee: Mace              |    69 |    38 ||   107
         Punch             |     1 |       ||     1
 Invoke: Fiery Armour      |     1 |     1 ||     2
    Use: Scroll            |       |     1 ||     1
 Armour: Robe              |    31 |     8 ||    39
  Dodge: Dodged            |    27 |    16 ||    43

Table legend: (Time is in decaauts)
 A = Elapsed time spent in this place.
 B = Non-inter-level travel time spent in this place.
 C = Inter-level travel time spent in this place.
 D = Time resting spent in this place.
 E = Time spent auto-exploring this place.
 F = Levels seen in this place.
 G = Mean time per level.
                   A        B        C        D        E       F      G
               +--------+--------+--------+--------+--------+-----+--------+
         Total |    711 |    691 |     20 |      0 |    293 |   3 |  237.0 |
       Dungeon |    711 |    691 |     20 |      0 |    293 |   3 |  237.0 |
               +--------+--------+--------+--------+--------+-----+--------+

Top non-repeatable levels by time:
     D:1: 302 daAuts
     D:2: 275 daAuts
     D:3: 133 daAuts

Table legend:
 A = Kills in this place as a percentage of kills in the entire game.
 B = Kills by you in this place as a percentage of kills by you in the entire game.
 C = Kills by friends in this place as a percentage of kills by friends in the entire game.
 D = Other kills in this place as a percentage of other kills in the entire game.
 E = Experience gained in this place as a percentage of experience gained in the entire game.
 F = Experience gained in this place divided by the number of levels of this place that you have seen.
                   A       B       C       D       E      F
               +-------+-------+-------+-------+-------+----------------------
         Total | 100.0 | 100.0 |   N/A |   N/A | 100.0 |  36.3
       Dungeon | 100.0 | 100.0 |   N/A |   N/A | 100.0 |  36.3
               +-------+-------+-------+-------+-------+----------------------
